 Dungeon Crawl Stone Soup version 0.31.0 (webtiles) character file.

Game seed: 13275414788096530790

51 ces the Shooter (level 3, -6/18 HPs)
             Began as a Spriggan Hunter on Jan 20, 2024.
             Mangled by a gnoll
             ... wielding a +0 flail
              (13 damage)
             ... on level 2 of the Dungeon.
             The game lasted 00:02:29 (1270 turns).

ces the Shooter (Spriggan Hunter)                   Turns: 1270, Time: 00:02:30

Health: -6/18      AC:  2    Str:  7    XL:     3   Next: 57%
Magic:  4/4        EV: 18    Int: 10    God:
Gold:   82         SH:  0    Dex: 20    Spells: 2/2 levels left

rFire   . . .        a - +0 shortbow
rCold   . . .        (shield currently unavailable)
rNeg    . . .        c - +0 robe
rPois   .            (helmet restricted)
rElec   .            (no cloak)
rCorr   .            (gloves unavailable)
SInv    +            (boots unavailable)
Will    .....        (no amulet)
Stlth   +++          (no ring)
HPRegen 0.23/turn    (no ring)
MPRegen 0.09/turn

%: no passive effects
@: very quick
A: very small, no large weapons, unfitting armour, see invisible, speed 3
a: no special abilities


You were on level 2 of the Dungeon.
You visited 1 branch of the dungeon, and saw 2 of its levels.

You collected 82 gold pieces.

Inventory:

Hand Weapons
 a - a +0 shortbow (weapon)
 b - a +0 dagger
Armour
 c - a +0 robe (worn)
Scrolls
 d - a scroll of butterflies
 h - a scroll of immolation {unknown}
 i - 3 scrolls of identify {unknown}
 j - a scroll of teleportation {unknown}
 k - a scroll of vulnerability {unknown}
Potions
 e - a potion of resistance {unknown}
 f - a potion of heal wounds {unknown}
 g - a potion of degeneration {unknown}


   Skills:
 - Level 1.5 Fighting
 * Level 4.7 Ranged Weapons
 + Level 3.5 Dodging
 + Level 3.0 Stealth


You had 2 spell levels left.
You didn't know any spells.
Your spell library contained the following spells:

 Spells                   Type           Power      Damage    Failure   Level
 Volatile Blastmotes      Fire/Tloc      0%         2d10      75%         3
 Fulminant Prism          Conj/Alch      0%         3d5       98%         4
 Iskenderun's Mystic Bla  Conj/Tloc      0%         2d3       98%         4


Dungeon Overview and Level Annotations

Branches:
Dungeon (2/15)

Altars:


Innate Abilities, Weirdness & Mutations

You are very small and have problems with some larger weapons.
You are too small for most types of armour.
You have supernaturally acute eyesight. (SInv)
You cover ground extremely quickly. (Speed+++)


Message History

You kill the kobold!
No target in view!
No target in view!
A frilled lizard comes into view.
You shoot an arrow.
The arrow closely misses the frilled lizard.
The frilled lizard hisses angrily.
You shoot an arrow. The arrow misses the frilled lizard.
You shoot an arrow. The arrow misses the frilled lizard.
The frilled lizard bites you but does no damage.
You shoot an arrow.
The arrow closely misses the frilled lizard.
The frilled lizard misses you.
You shoot an arrow.
The arrow hits the frilled lizard but does no damage.
The frilled lizard closely misses you. The frilled lizard barely misses you.
You shoot an arrow.
The arrow barely misses the frilled lizard.
The frilled lizard bites you but does no damage.
You shoot an arrow. The arrow hits the frilled lizard!
You kill the frilled lizard!
No target in view!
No target in view!
Things that are here:
a +0 club; a kobold corpse A gnoll comes into view.
It is wielding a +0 flail.
The gnoll shouts!
A gnoll is nearby!
A gnoll is nearby!
You shoot an arrow. The arrow closely misses the gnoll.
You shoot an arrow.
The arrow hits the gnoll but does no damage.
You shoot an arrow. The arrow hits the gnoll!
The gnoll is almost dead.
The gnoll hits you with a +0 flail!
Ouch! That really hurt!
The gnoll barely misses you. The gnoll attacks as it pursues you!
The gnoll hits you with a +0 flail!
Ouch! That really hurt!
You die...

..##.# #...#
#...## #...(# ###
###.### #...##
#.##.# ##.##
#...######.'
#.##.# ##...##
###..### #.#
#.##.###..#..##
##...###.#
.....##..###..##
###.....#
.#####..##.##..##
#..#### .#
##..##...##..##
#...... .###..##
#..##.@## #......
.##..## #..##g.##
#...... .#.).#
#...#..)##
#...†.. ..†#...#
#...#..# #......
..###..# #..###.#
#...... .... #..#
#..#
#.#######.....#
....# #..# #..#
#...##<##.....#
....# #..#..#
###....##.....#
....# #...#
####........#


You could see a gnoll.

Vanquished Creatures
  A gnoll (D:1)
  An adder (D:2)
  5 ball pythons
  4 bats
  An endoplasm (D:2)
  4 goblins
  3 hobgoblins
  2 jackals (D:1)
  A quokka (D:2)
  A frilled lizard (D:2)
  4 kobolds
  5 rats
32 creatures vanquished.

Notes
Turn   | Place    | Note
-------+----------+-------------------------------------------
     0 | D:1      | ces the Spriggan Hunter began the quest for the Orb.
     0 | D:1      | Reached XP level 1. HP: 10/10 MP: 2/2
   223 | D:1      | Reached XP level 2. HP: 14/14 MP: 3/3
   941 | D:2      | Reached XP level 3. HP: 18/18 MP: 4/4
  1049 | D:2      | Found a faded altar of an unknown god.
  1270 | D:2      | Mangled by a gnoll

Illustrated notes

Levels and vault maps discovered:
D:1:      lemuel_arrival_behind_the_door_small, layout_basic
D:2:      minmay_alternating_diamond, layout_basic,
          chequers_ecumenical_altar_lobes

Skill      XL: |  1  2  3 |
---------------+----------+-----
Stealth        | 2 3 |  3.0
Dodging        | 3 |  3.5
Fighting       | |  1.5
Ranged Weapons | |  4.7

Action                     || total
---------------------------++-------
  Melee: Dagger            ||    11
   Fire: Shortbow          ||    75
   Stab: Sleeping          ||     3
 Armour: Robe              ||    10
  Dodge: Dodged            ||    31
